Map: Thunderbird LE

Players

Alken - Winner!

  • Race: Protoss Protoss
  • League: Diamond
  • Spawn Location: 5:00

xdeaththreat

  • Race: Terran Terran
  • League: Diamond
  • Spawn Location: 11:00

VOD

Have the link to the VOD?

Description

Time

  • Played on: Nov. 24, 2019, 8:39 p.m.
  • Length: 8:18
Show
View Real Time Build Order
Export as new Build Order

Alken Protoss - Winner!

Build Orders:  

Get SALT Encoding   

  12  0:00  Probe  
  13  0:13  Probe  
  14  0:19  Pylon  
  14  0:25  Probe  
  15  0:37  Probe (Chrono Boost)  
  15  0:38  Gateway  
  16  0:48  Assimilator, Probe (Chrono Boost)  
  17  0:53  Probe (Chrono Boost)  
  18  1:04  Probe  
  19  1:16  Probe  
  20  1:32  Zealot (Chrono Boost)  
  20  1:34  Cybernetics Core  
  20  1:36  Pylon  
  20  1:39  Gateway  
  22  1:47  Assimilator  
  22  1:51  Probe  
  22  2:07  Stalker (Chrono Boost)  
  22  2:15  Shield Battery  
  24  2:16  Probe  
  24  2:17  Pylon  
  24  2:19  Warp Gate  
  25  2:25  Stalker  
  27  2:30  Adept  
  29  2:41  Shield Battery  
  29  2:43  Pylon  
  29  3:00  Probe  
  29  3:01  Stalker x2  
  34  3:14  Probe  
  35  3:23  Robotics Facility  
  29  3:48  Stalker (Chrono Boost)  
  33  3:57  Stalker (Chrono Boost)  
  31  4:10  Immortal  
  35  4:20  Stalker  
  37  4:50  Immortal (Chrono Boost)  
  37  4:51  Zealot x2  
  45  5:08  Pylon  
  45  5:09  Gateway  
  45  5:11  Gateway  
  45  5:13  Pylon  
  45  5:25  Stalker  
  45  5:26  Immortal (Chrono Boost)  
  51  5:30  Zealot  
  47  5:58  Nexus  
  47  6:05  Sentry x3  
  47  6:07  Sentry  
  55  6:19  Warp Prism (Chrono Boost)  
  57  6:40  Pylon  
  53  6:57  Immortal  
  53  6:59  Probe  
  53  7:01  Shield Battery  
  58  7:12  Probe x2  
  60  7:20  Pylon  
  56  7:49  Zealot x4  
  54  8:13  Stalker x4  
Show
View Real Time Build Order
Export as new Build Order

xdeaththreat Terran 

Build Orders:  

Get SALT Encoding   

  12  0:01  SCV  
  13  0:14  SCV  
  13  0:18  Supply Depot  
  14  0:27  SCV  
  15  0:40  SCV  
  16  0:54  SCV, Barracks  
  17  1:02  Barracks  
  17  1:06  SCV  
  18  1:13  Refinery  
  18  1:18  SCV  
  19  1:27  Refinery  
  19  1:30  SCV  
  19  1:31  Supply Depot  
  20  1:41  Marine  
  21  1:55  Bunker  
  21  1:56  Marine  
  21  1:58  Orbital Command  
  22  2:06  Barracks Tech Lab  
  21  2:17  Bunker  
  21  2:21  Barracks Tech Lab  
  21  2:26  SCV  
  21  2:27  Factory  
  22  2:34  Marauder  
  22  2:36  Concussive Shells  
  23  2:52  SCV  
  23  2:54  Marauder  
  26  3:00  Supply Depot  
  26  3:14  Marauder  
  26  3:16  Marauder  
  27  3:54  Marauder  
  27  3:55  SCV  
  28  3:59  Command Center  
  26  4:04  Factory Tech Lab, Supply Depot  
  26  4:08  Marauder  
  28  4:22  SCV  
  29  4:26  Cyclone  
  32  4:50  Marauder, Marine  
  32  4:51  SCV  
  36  4:54  Starport  
  36  5:04  Bunker  
  36  5:05  SCV  
  37  5:09  Barracks Reactor  
  37  5:12  Orbital Command  
  37  5:15  Marine  
  37  5:18  Marauder  
  37  5:20  SCV  
  41  5:22  Siege Tank  
  44  5:32  SCV  
  44  5:34  Medivac  
  36  5:53  Liberator  
  36  5:57  Siege Tank  
  36  5:59  SCV  
  43  6:17  SCV  
  43  6:18  SCV  
  45  6:29  SCV  
  46  6:34  Siege Tank  
  46  6:35  SCV  
  50  6:41  SCV  
  51  6:47  SCV  
  51  6:50  Supply Depot  
  52  7:07  SCV  
  53  7:23  Starport Reactor  
  53  7:24  Barracks  
  53  7:25  Engineering Bay, Barracks  
  53  7:26  Engineering Bay  
  53  7:29  Command Center  
  45  7:37  Barracks Tech Lab  
  39  7:46  Marine, SCV x2  
Tags
 
Add a new tag
Caveats
  • Supply blocks, unpowered buildings, or Contaminate may cause inaccurate times.
  • Supply counts are checked every 10 seconds.